 Dungeon Crawl Stone Soup version 0.30-a0-739-gea05faddec (webtiles) character file.

Game seed: 1639429655387996802

8844 Majang the Thaumaturge (level 11, -9/64 HPs)
             Began as a Gargoyle Earth Elementalist on Feb 2, 2023.
             Was a High Priest of Cheibriados.
             Mangled by an orc warlord
             ... wielding a +10 battleaxe
              (17 damage)
             ... in a bailey on Feb 4, 2023.
             The game lasted 00:39:16 (10575 turns).

Majang the Thaumaturge (GrEE)                      Turns: 10575, Time: 00:39:16

Health: -9/64      AC: 15    Str: 25    XL:     11   Next: 37%
Magic:  9/23       EV: 21    Int: 31    God:    Cheibriados [*****.]
Gold:   540        SH:  0    Dex: 28    Spells: 23/27 levels left

rFire   . . .      SeeInvis .    a - staff of earth
rCold   . . .      Faith    .    (no shield)
rNeg    + . .      Spirit   .    G - +2 leather armour {Will+}
rPois   ∞          Reflect  .    (no helmet)
rElec   +          Harm     .    z - +0 cloak
rCorr   .          Rampage  .    B - +0 pair of gloves
Will    +....                    (no boots)
Stlth   +++                      (no amulet)
HPRegen 0.30/turn                i - +5 ring of evasion
MPRegen 0.18/turn                A - +6 ring of dexterity

@: invisible, very slow
A: sickness immunity, AC +8, negative energy resistance 1, electricity
resistance, torment resistance 1, petrification resistance
a: Renounce Religion, Bend Time, Temporal Distortion, Slouch, Step From Time


You were in a bailey.
You worshipped Cheibriados.
Cheibriados was extremely pleased with you.
You visited 2 branches of the dungeon, and saw 10 of its levels.
You also visited: Ossuary and Bailey.

You collected 540 gold pieces.

Inventory:

Hand Weapons
 b - a +3 vampiric quarterstaff
Missiles
 u - a throwing net
 J - 6 javelins
Armour
 g - a scarf of invisibility
 p - the +1 leather armour of Diuhi {rF+ rCorr}
   (You found it on level 3 of the Dungeon)

   rF:        It protects you from fire.
   rCorr:     It protects you from acid and corrosion.
 z - a +0 cloak (worn)
 B - a +0 pair of gloves (worn)
 C - a +0 kite shield
 G - a +2 leather armour of willpower (worn)
Magical Staves
 a - a staff of earth (weapon)
Jewellery
 i - a +5 ring of evasion (left hand)
 A - a +6 ring of dexterity (right hand)
 H - a ring of fire
 I - an amulet of faith
Wands
 k - a wand of acid (7)
 q - a wand of polymorph (4)
 E - a wand of paralysis (10)
 P - a wand of flame (18)
Scrolls
 e - a scroll of blinking {unknown}
 h - 3 scrolls of summoning
 m - 7 scrolls of magic mapping
 n - 2 scrolls of immolation
 t - a scroll of fog
 y - a scroll of teleportation
 D - a scroll of poison
 F - 2 scrolls of enchant weapon {unknown}
 L - a scroll of identify
 N - a scroll of brand weapon
Potions
 c - 4 potions of attraction
 d - 5 potions of magic
 j - a potion of brilliance {unknown}
 l - a potion of invisibility
 o - a potion of cancellation {unknown}
 r - a potion of lignification {unknown}
 s - 2 potions of berserk rage
 v - 5 potions of ambrosia
 w - 2 potions of curing
 x - 2 potions of flight
 K - 6 potions of might
 M - a potion of heal wounds {unknown}
 O - 2 potions of mutation {unknown}


   Skills:
 + Level 5.9 Fighting
 + Level 5.0 Staves
 + Level 4.8 Dodging
 - Level 2.1 Stealth
 * Level 8.6 Spellcasting
 + Level 5.8 Conjurations
 - Level 0.7 Transmutations
 + Level 8.5 Earth Magic
 + Level 5.9 Invocations
 + Level 4.8 Evocations


You had 23 spell levels left.
You knew the following spells:

 Your Spells              Type           Power      Damage    Failure   Level
a - Sandblast             Erth           100%       2d20      1%          1
b - Stone Arrow           Conj/Erth      100%       3d13      1%          3

Your spell library contained the following spells:

 Spells                   Type           Power      Damage    Failure   Level
 Magic Dart               Conj           100%       1d8       1%          1
 Passwall                 Tmut/Erth      48%        N/A       1%          2
 Searing Ray              Conj           98%        2d8       1%          2
 Beastly Appendage        Tmut           34%        N/A       3%          1
 Dazzling Flash           Conj/Hex       62%        N/A       3%          3
 Wereblood                Tmut           17%        N/A       4%          2
 Petrify                  Tmut/Erth      58%        N/A       6%          4
 Spider Form              Tmut/Pois      15%        N/A       11%         3
 Fulminant Prism          Conj/Hex       15%        3d11      13%         4
 Summon Lightning Spire   Summ/Air       13%        N/A       38%         4
 Agony                    Necr           13%        N/A       75%         5
 Silence                  Hex/Air        6%         N/A       75%         5
 Storm Form               Tmut/Air       7%         N/A       100%        7
 Maxwell's Capacitive Co  Air            6%         ∞         100%        8


Dungeon Overview and Level Annotations

Branches:
Dungeon (9/15)             Temple (1/1) D:4         Ossuary (visited)
 Bailey (1/1)
   Lair: D:8-11         Orc: D:9-12

Altars:
Ashenzari
Cheibriados
Dithmenos
Elyvilon
Fedhas
Hepliaklqana
Kikubaaqudgha
Makhleb
Nemelex Xobeh
Okawaru
Qazlal
Ru
Trog
Uskayaw
Vehumet
Wu Jian
Xom
Yredelemnul
Zin
The Shining One

Shops:
D:2 :

Annotations:
D:8 1 runed translucent door, Dwachs's ghost, novice OgGl


Innate Abilities, Weirdness & Mutations

You are immune to sickness and miasma.
Your stone body is resilient. (AC +8)
You are immune to poison.
You resist negative energy. (rN+)
You are resistant to electric shocks. (rElec)
You are resistant to unholy torment.
You are immune to petrification.


Message History

You feel a surge of power!
The stone arrow hits the orc warlord!
The orc warlord is moderately wounded.
The orc warlord hits you with a +10 battleaxe!
* * * LOW HITPOINT WARNING * * *
Okay, then.
As you read the scroll of fear, it crumbles to dust.
You assume a fearsome visage.
The orc warlord looks frightened!
Casting: Stone Arrow (safe; 1% risk of failure)
Confirm with . or Enter, or press ? or * to list all spells.
Aiming: Stone Arrow (safe; 1% risk of failure)
Press: ? - help, Shift-Dir - straight line, f/p - orc warlord
Aim: an orc warlord, wielding a +10 battleaxe and wearing a +0 chain mail (moderately wounded, unable to see you, fleeing, covered in acid, 84% to hit)
You feel a surge of power!
The stone arrow hits the orc warlord!
The orc warlord is moderately wounded.
Your attack snaps the orc warlord out of its fear.
The orc warlord hits you but does no damage.
Found a gate leading back out of this place.
There is an open translucent gate here.
Casting: Stone Arrow (safe; 1% risk of failure)
Confirm with . or Enter, or press ? or * to list all spells.
Aiming: Stone Arrow (safe; 1% risk of failure)
Press: ? - help, Shift-Dir - straight line, f/p - orc warlord
Aim: an orc warlord, wielding a +10 battleaxe and wearing a +0 chain mail (moderately wounded, unable to see you, covered in acid, 84% to hit)
You feel a surge of power!
The stone arrow hits the orc warlord!!
The orc warlord is heavily wounded.
Casting: Stone Arrow (safe; 1% risk of failure)
Confirm with . or Enter, or press ? or * to list all spells.
Aiming: Stone Arrow (safe; 1% risk of failure)
Press: ? - help, Shift-Dir - straight line, f/p - orc warlord
Aim: an orc warlord, wielding a +10 battleaxe and wearing a +0 chain mail (heavily wounded, wandering, unable to see you, covered in acid, hasn't noticed you, 84% to hit)
You feel a surge of power!
The stone arrow hits the orc warlord!
The orc warlord is severely wounded.
Casting: Stone Arrow (safe; 1% risk of failure)
Confirm with . or Enter, or press ? or * to list all spells.
Aiming: Stone Arrow (safe; 1% risk of failure)
Press: ? - help, Shift-Dir - straight line, f/p - orc warlord
Aim: an orc warlord, wielding a +10 battleaxe and wearing a +0 chain mail (severely wounded, unable to see you, covered in acid, 84% to hit)
You feel a surge of power!
The stone arrow misses the orc warlord.
The orc warlord hits you with a +10 battleaxe!
You die...

##### ##### ##...## ##...##
##.....## ##.....##
##.......#######.......##
##..8..8...........8..8..##
#................)........#
#..............o..........#
#...8......#''@#......8...#
##......####~~~####......##
♣##.....#~~~~~~~~~#..)..##♣
♣.##....#~.8...8.~#)[[.##.♣
♣♣..###'###.......###'###..♣♣
♣...~~~.#~~.8...8.~~#)[~~...♣
♣...~~~.#~.........~#.~~~...♣♣
∩...~~~.#~....∩....~#.~~~...∩♣
♣...~~~.##.........##.~~~...♣


You could see an orc warlord (unable to see you, corroded).

Vanquished Creatures
  A death drake (Bailey)
  An orc knight (Bailey)
  2 cyclopes
  The ghost of anKLM the Covert, a novice SpEn (D:7)
  A manticore (D:9)
  A queen bee (D:7)
  A polar bear (D:8)
  2 hornets
  Sigmund (D:2)
  2 yaks (D:8)
  A shadow (D:6)
  A vampire (D:9)
  2 unseen horror simulacra (D:8)
  A steam dragon (D:8)
  2 orc warriors (Bailey)
  3 ice beasts (D:8)
  A sky beast (D:6)
  2 black bears
  3 ogres
  3 wolves (D:8)
  2 centaurs
  A phantom (D:6)
  A kobold brigand (D:8)
  2 bullfrogs
  An elf zombie (Ossuary)
  A gnoll sergeant (D:5)
  A necrophage (D:7)
  5 scorpions
  16 wights
  5 killer bees (D:7)
  2 electric eels (D:8)
  A howler monkey (D:6)
  A centaur zombie (Ossuary)
  4 orc priests
  A hound (D:5)
  2 human zombies (Ossuary)
  A jelly (D:5)
  Crazy Yiuf (D:2)
  2 gnoll boudas
  Jessica (D:2)
  4 iguanas
  Terence (D:3)
  2 orc wizards (D:8)
  2 centaur simulacra (D:8)
  2 mummies (Ossuary)
  20 gnolls
  9 adders
  A shadow imp (D:6)
  4 white imps
  An ufetubus (D:5)
  An adder zombie (Ossuary)
  2 worms (D:2)
  A dart slug (D:1)
  19 orcs
  13 endoplasms
  5 giant cockroaches
  6 hobgoblins
  3 jackals (D:4)
  19 kobolds
  4 quokkas
  6 ball pythons
  2 bats
  3 frilled lizards
  14 goblins
  2 goblin zombies (Ossuary)
  6 hobgoblin zombies (Ossuary)
  11 kobold zombies (Ossuary)
  12 orc zombies (Ossuary)
  4 rats
  A rat zombie (Ossuary)
263 creatures vanquished.

Vanquished Creatures (collateral kills)
  A gnoll sergeant (D:8)
  2 gnolls (D:8)
  An orc (D:8)
  3 kobolds (D:8)
7 creatures vanquished.

Grand Total: 270 creatures vanquished

Notes
Turn   | Place    | Note
-------+----------+-------------------------------------------
     0 | D:1      | Majang the Gargoyle Earth Elementalist began the quest for
                  | the Orb.
     0 | D:1      | Reached XP level 1. HP: 10/10 MP: 3/3
   326 | D:1      | Reached XP level 2. HP: 15/15 MP: 3/5
   722 | D:1      | Reached XP level 3. HP: 19/19 MP: 4/7
  1173 | D:2      | Found Qoras's Book Shoppe.
  1212 | D:2      | Noticed Jessica
  1279 | D:2      | Killed Jessica
  1280 | D:2      | Reached XP level 4. HP: 24/24 MP: 6/9
  1668 | D:2      | Noticed Sigmund
  1856 | D:2      | Found a runed translucent door.
  1857 | D:2      | Noticed Crazy Yiuf
  2215 | D:3      | Reached XP level 5. HP: 28/28 MP: 7/10
  2673 | D:3      | Identified the +1 leather armour of Diuhi {rF+ rCorr}
  2723 | D:3      | Noticed Terence
  2731 | D:3      | Killed Terence
  2732 | D:3      | Reached skill level 5 in Earth Magic
  2785 | D:3      | Learned a level 3 spell: Stone Arrow
  3059 | D:4      | Reached XP level 6. HP: 18/33 MP: 7/12
  3285 | D:4      | Reached skill level 1 in Fighting
  3342 | D:4      | Found a staircase to the Ecumenical Temple.
  3352 | Temple   | Entered the Ecumenical Temple
  3730 | Temple   | Became a worshipper of Cheibriados the Contemplative
  3860 | D:2      | Killed Crazy Yiuf
  3861 | D:2      | Reached skill level 1 in Conjurations
  3971 | D:2      | Killed Sigmund
  3972 | D:2      | Reached skill level 5 in Spellcasting
  3972 | D:2      | Reached skill level 1 in Invocations
  3972 | D:2      | Reached XP level 7. HP: 30/38 MP: 8/14
  4186 | D:4      | Reached skill level 1 in Evocations
  4472 | D:5      | Entered Level 5 of the Dungeon
  4492 | D:5      | Found the +7 captain's cutlass {speed, disarm}
  4521 | D:5      | Found a shadowy altar of Dithmenos.
  4522 | D:5      | Found a hazy altar of Hepliaklqana.
  4527 | D:5      | Noticed a shadow
  4767 | D:5      | Reached skill level 1 in Staves
  4818 | D:5      | Reached XP level 8. HP: 8/45 MP: 7/16
  5063 | D:5      | Reached * piety under Cheibriados
  5232 | D:5      | You fall into a shaft and drop 3 floors!
  5253 | D:8      | Found a runed translucent door.
  5258 | D:8      | Noticed a yak
  5264 | D:8      | Noticed a freezing wraith
  5264 | D:8      | Noticed Dwachs's ghost (novice OgGl)
  5564 | D:8      | Noticed a hornet
  5574 | D:8      | Reached ** piety under Cheibriados
  5580 | D:8      | Killed a hornet
  5590 | D:8      | Reached XP level 9. HP: 10/51 MP: 4/18
  5752 | D:7      | Found a sparkling altar of Nemelex Xobeh.
  5874 | D:6      | Found a sand-covered staircase.
  5915 | Ossuary  | Entered an ossuary
  6116 | Ossuary  | Reached *** piety under Cheibriados
  6389 | Ossuary  | Upgraded the game from 0.30-a0-737-gf23d94013f to
                  | 0.30-a0-739-gea05faddec
  6695 | D:5      | Found a sacrificial altar of Ru.
  6704 | D:5      | Reached **** piety under Cheibriados
  7356 | D:6      | Noticed a cyclops
  7386 | D:6      | Killed a cyclops
  7387 | D:6      | Reached XP level 10. HP: 58/58 MP: 7/20
  7931 | D:6      | Found a radiant altar of Vehumet.
  8067 | D:7      | Identified a scroll of acquirement
  8067 | D:7      | Acquired a staff of earth
  8084 | D:7      | Found a transporter.
  8084 | D:7      | Found a transporter.
  8084 | D:7      | Noticed anKLM's ghost (novice SpEn)
  8451 | D:7      | Found a glowing golden altar of the Shining One.
  8560 | D:7      | Found a white marble altar of Elyvilon.
  8938 | D:7      | Reached ***** piety under Cheibriados
  8941 | D:7      | Reached skill level 5 in Fighting
  8941 | D:7      | Killed anKLM's ghost
  8946 | D:7      | Reached skill level 5 in Conjurations
  8946 | D:7      | Reached skill level 5 in Invocations
  9142 | D:8      | Found a shimmering altar of Xom.
  9476 | D:8      | Reached XP level 11. HP: 52/64 MP: 14/23
  9802 | D:9      | Identified the +2 mace of Sloth {venom, rC++ Will+}
  9809 | D:9      | Noticed a manticore
  9809 | D:9      | Noticed a cyclops
  9814 | D:9      | Killed a manticore
  9816 | D:9      | Killed a cyclops
 10085 | D:9      | Found a flagged portal.
 10102 | Bailey   | Entered a bailey
 10111 | Bailey   | Noticed an orc warlord
 10277 | Bailey   | Noticed an orc knight
 10283 | Bailey   | Killed an orc knight
 10290 | Bailey   | Noticed an orc knight
 10292 | Bailey   | an orc knight changed into a death drake
 10292 | Bailey   | Noticed a death drake
 10409 | Bailey   | Killed a death drake
 10410 | Bailey   | Reached skill level 5 in Staves
 10510 | Bailey   | Found a runed translucent gate.
 10512 | Bailey   | Found a runed translucent gate.
 10514 | Bailey   | Found a runed translucent gate.
 10575 | Bailey   | Mangled by an orc warlord

Illustrated notes

Levels and vault maps discovered:
D:1:      dpeg_arrival_lava_altar, layout_loops_corners
D:2:      layout_rooms, serial_shops, nicolae_diamond_shop,
          corexii_hall_statues_s, serial_park_tiny_1, grunt_ministairs_14,
          uniq_sigmund, uniq_jessica, uniq_crazy_yiuf_cottage
D:3:      layout_rooms, solitary_fountain, uniq_terence
D:4:      layout_rooms, temple_statues, grunt_decor_arrowhead
D:5:      layout_rooms, riverfiend_overflow_shadow_ancestor,
          mainiacjoe_overflow_concentric_impassable, serial_co_window_serial,
          co_window_of_opportunity_a, co_window_of_opportunity_a,
          co_window_paths_b, co_window_paths_a, co_window_paths_b,
          co_window_corner_ca, co_window_corner_cb, co_window_2corner,
          co_window_unsneaky_path_a, co_window_sun, glass_columns_a,
          hangedman_decor_push, minmay_misc_feat_cross
D:6:      minmay_chambers_of_sixes, layout_basic, vehumet_altar_wand_db,
          nicolae_ossuary_entry_monument
D:7:      layout_basic, grunt_temple_overflow_open,
          mainiacjoe_overflow_chevrons, gammafunk_ghost_hive
D:8:      layout_cave_pools, mainiacjoe_overflow_alcove_2,
          ebering_ghost_inner_flame, serial_ice, serial_ice_k, serial_ice_d,
          serial_ice_g, serial_ice_c, serial_ice_e, serial_ice_n
D:9:      minmay_the_grid_four_pointed_star
          [minmay_the_grid_triangle_9x9_warning,
          minmay_the_grid_triangle_9x9_checkered,
          minmay_the_grid_triangle_9x9_longest,
          minmay_the_grid_triangle_9x9_descending_squares,
          minmay_the_grid_prize_diamond_cup], layout_basic,
          nicolae_sif_muna_little_library, orc_0_dummy, serial_shops,
          shop_scrolls, enter_bailey_5, minmay_crystal_room, uniq_erica
Temple:   minmay_temple_forest_path
Bailey:   bailey_axe_bossmonster_kennysheep, bailey

Skill      XL: |  1  2  3  4  5  6  7  8  9 10 11 |
---------------+----------------------------------+-----
Earth Magic    | 4 5 6 7 8 |  8.5
Spellcasting   | 3 4 5 6 7 8 |  8.6
Fighting       | 1 2 3 4 5 |  5.9
Conjurations   | 1 2 3 4 5 |  5.8
Dodging        | 2 3 4 |  4.8
Invocations    | 1 2 3 4 5 |  5.9
Evocations     | 1 2 3 4 |  4.8
Staves         | 1 2 3 4 5 |  5.0
Stealth        | |  2.1
Transmutations | |  0.7

Action                     |  1- 3 |  4- 6 |  7- 9 | 10-12 || total
---------------------------+-------+-------+-------+-------++-------
  Melee: Mace              |       |       |     5 |       ||     5
         Staff             |       |       |       |     8 ||     8
   Cast: Sandblast         |    39 |    94 |   195 |   126 ||   454
         Stone Arrow       |       |       |    11 |    27 ||    38
 Invoke: Slouch            |       |       |       |     2 ||     2
  Evoke: Wand              |       |       |       |    10 ||    10
    Use: Potion            |       |       |     3 |     2 ||     5
         Scroll            |       |       |     1 |    16 ||    17
 Armour: Robe              |     1 |     9 |    10 |       ||    20
         Leather armour    |       |       |    28 |    37 ||    65
  Dodge: Dodged            |     5 |    63 |   116 |   128 ||   312

Table legend: (Time is in decaauts)
 A = Elapsed time spent in this place.
 B = Non-inter-level travel time spent in this place.
 C = Inter-level travel time spent in this place.
 D = Time resting spent in this place.
 E = Time spent auto-exploring this place.
 F = Levels seen in this place.
 G = Mean time per level.
                   A        B        C        D        E       F      G
               +--------+--------+--------+--------+--------+-----+--------+
         Total |  13189 |  12446 |    743 |   2583 |   6881 |  12 | 1099.1 |
       Dungeon |  11567 |  10907 |    660 |   2082 |   6546 |   9 | 1285.2 |
        Temple |    433 |    351 |     82 |      0 |    335 |   1 |  433.0 |
       Ossuary |    593 |    593 |      0 |    256 |      0 |   1 |  593.0 |
        Bailey |    596 |    596 |      0 |    245 |      0 |   1 |  596.0 |
               +--------+--------+--------+--------+--------+-----+--------+

Top non-repeatable levels by time:
     D:5: 1850 daAuts
     D:7: 1747 daAuts
     D:6: 1685 daAuts
     D:8: 1592 daAuts
     D:2: 1450 daAuts
     D:1: 1243 daAuts
     D:4: 856 daAuts
     D:3: 722 daAuts
  Bailey: 596 daAuts
 Ossuary: 593 daAuts
  Temple: 433 daAuts
     D:9: 419 daAuts
